 Dungeon Sprint DCSS version 0.21-a0-260-g9b2435e (webtiles) character file.

443 Kidiri the Thaumaturge (level 6, -11/38 HPs)
             Began as a Deep Elf Fire Elementalist on Sept 7, 2017.
             Was an Initiate of Vehumet.
             Mangled by Sonja
             ... wielding a +0 dagger of distortion
              (22 damage)
             ... in the Dungeon (Sprint I: "Red Sonja").
             The game lasted 00:02:03 (585 turns).

Kidiri the Thaumaturge (Deep Elf Fire Elementalist)  Turns: 585, Time: 00:02:04

Health: -11/38     AC:  2    Str:  5    XL:     6   Next: 71%
Magic:  16/21      EV: 16    Int: 22    God:    Vehumet [......]
Gold:   304        SH:  0    Dex: 15    Spells: 8/26 levels left

rFire    . . .     SeeInvis .   (no weapon)
rCold    . . .     Gourm    .   (no shield)
rNeg     . . .     Faith    .   a - +0 robe
rPois    .         Spirit   .   (no helmet)
rElec    .         Reflect  .   (no cloak)
rCorr    .         Harm     .   (no gloves)
MR       .....     NoTele   +   (no boots)
Stlth    ++........             (no amulet)
HPRegen  0.12/turn              (no ring)
MPRegen  0.17/turn              (no ring)

@: no status effects
A: no striking features
a: Renounce Religion


You were in the Dungeon.
You worshipped Vehumet.
Vehumet was noncommittal.
You were not hungry.

You visited 1 branch You collected 304 gold pieces.

Inventory:

Armour
 a - a +0 robe (worn)
Scrolls
 i - a scroll of blinking
 k - a scroll of enchant armour {unknown}
Potions
 d - a potion of curing
 e - a potion of heal wounds
 f - a potion of haste
 g - a potion of magic
 h - a potion of berserk rage
Books
 b - a book of Flames

   Spells                             Type                      Level
   a - Flame Tongue                   Conjuration/Fire             1
   b - Throw Flame                    Conjuration/Fire             2
   c - Conjure Flame                  Conjuration/Fire             3
   d - Inner Flame                    Hexes/Fire                   3
   e - Sticky Flame                   Conjuration/Fire             4
   f - Fireball                       Conjuration/Fire             5
Comestibles
 c - a bread ration
 l - a royal jelly


   Skills:
 + Level 4.3 Fighting
 + Level 4.3 Armour
 + Level 7.0 Dodging
 - Level 2.4 Stealth
 * Level 10.5 Spellcasting
 + Level 5.9 Conjurations
 + Level 6.9 Fire Magic


You had 8 spell levels left.
You knew the following spells:

 Your Spells              Type           Power        Failure   Level  Hunger
a - Flame Tongue          Conj/Fire      #####        1%          1    None
b - Throw Flame           Conj/Fire      #####.       1%          2    None
c - Conjure Flame         Conj/Fire      #####...     1%          3    None
d - Inner Flame           Hex/Fire       ####....     4%          3    None
e - Sticky Flame          Conj/Fire      #####...     4%          4    #......
f - Fireball              Conj/Fire      #####.....   11%         5    ####...


Dungeon Overview and Level Annotations

Branches:
Dungeon (1/1)

Altars:
Cheibriados
Dithmenos
Elyvilon
Fedhas
Gozag
Hepliaklqana
Kikubaaqudgha
Nemelex Xobeh
Okawaru
Qazlal
Ru
Sif Muna
Trog
Uskayaw
Vehumet
Wu Jian
Yredelemnul
Zin
The Shining One

Shops:
D !

Annotations:
D Sonja


Message History

Sonja is covered in liquid flames!
Sonja burns!
Sonja hits you with an uncursed dagger of distortion. x2
You feel a strange sense of stasis. Sonja closely misses you.
Unknown command.
Casting: Sticky Flame
Confirm with . or Enter, or press ? or * to list all spells.
Aiming: Flame Tongue
Press: ? - help, Shift-Dir - straight line, f/p - Sonja
Aim: Sonja, wielding a dagger of distortion (heavily wounded, covered in liquid flames)
The flame tongue hits Sonja.
Sonja is heavily wounded.
Sonja burns!
Sonja hits you but does no damage. Space warps horribly around you!
Sonja misses you.
Sonja hits you with an uncursed dagger of distortion.
Space bends around you. Sonja barely misses you. x2
Sonja hits you with an uncursed dagger of distortion.
* * * LOW HITPOINT WARNING * * *
Space warps horribly around you!
Ouch! That really hurt!
You die...

#.)#####'#####'#
#..####..#...#.#
#..#__####..##.#
#..#_____##+#_.+
#⌠⌠#_.∩...+..._#
####_..__##_.#+#
#_____###'#.#
#########.###


+$@$+ #$K$# ##.## #+# You could see Sonja (burning).

Vanquished Creatures
  Sigmund (D)
  A yak (D)
  An ogre (D)
  A jelly (D)
  Ijyb (D)
5 creatures vanquished.

Notes
Turn   | Place    | Note
-------+----------+-------------------------------------------
     0 | D        | Kidiri the Deep Elf Fire Elementalist began the quest for the Orb.
     0 | D        | Reached XP level 1. HP: 10/10 MP: 6/6
     2 | D        | Noticed Ijyb
    16 | D        | Killed Ijyb
    16 | D        | Reached skill level 1 in Fighting
    16 | D        | Reached skill level 1 in Armour
    16 | D        | Reached skill level 5 in Spellcasting
    16 | D        | Reached XP level 2. HP: 7/16 MP: 1/10
    47 | D        | Learned a level 2 spell: Throw Flame
   195 | D        | Noticed an ogre
   205 | D        | Killed an ogre
   205 | D        | Reached skill level 7 in Spellcasting
   205 | D        | Reached skill level 5 in Fire Magic
   205 | D        | Reached XP level 3. HP: 22/22 MP: 4/13
   205 | D        | Reached XP level 4. HP: 27/27 MP: 4/15
   210 | D        | Learned a level 3 spell: Conjure Flame
   214 | D        | Learned a level 3 spell: Inner Flame
   219 | D        | Learned a level 4 spell: Sticky Flame
   284 | D        | Noticed Sigmund
   288 | D        | Killed Sigmund
   288 | D        | Reached skill level 9 in Spellcasting
   288 | D        | Reached skill level 5 in Conjurations
   288 | D        | Reached XP level 5. HP: 20/32 MP: 9/18
   288 | D        | Reached XP level 6. HP: 23/37 MP: 10/20
   295 | D        | Learned a level 5 spell: Fireball
   399 | D        | Found an ornate altar of the Wu Jian Council.
   399 | D        | Found a deep blue altar of Sif Muna.
   404 | D        | Found a radiant altar of Vehumet.
   421 | D        | Became a worshipper of Vehumet
   440 | D        | Found Qiney's Distillery.
   440 | D        | Found an ancient bone altar of Kikubaaqudgha.
   440 | D        | Found a hazy altar of Hepliaklqana.
   440 | D        | Found a stormy altar of Qazlal.
   440 | D        | Found a hide-covered altar of Uskayaw.
   440 | D        | Found a blossoming altar of Fedhas.
   440 | D        | Found a bloodstained altar of Trog.
   440 | D        | Found an iron altar of Okawaru.
   440 | D        | Found a basalt altar of Yredelemnul.
   440 | D        | Found a glowing golden altar of the Shining One.
   440 | D        | Found a snail-covered altar of Cheibriados.
   440 | D        | Found a sacrificial altar of Ru.
   440 | D        | Found a glowing silver altar of Zin.
   440 | D        | Found a shadowy altar of Dithmenos.
   440 | D        | Found a white marble altar of Elyvilon.
   440 | D        | Noticed a yak
   444 | D        | Killed a yak
   444 | D        | Reached skill level 10 in Spellcasting
   445 | D        | Found an opulent altar of Gozag.
   446 | D        | Found a sparkling altar of Nemelex Xobeh.
   580 | D        | Noticed Sonja
   585 | D        | Mangled by Sonja

Vault maps used:
D:        dungeon_sprint_1

Skill      XL: |  1  2  3  4  5  6 |
---------------+-------------------+-----
Fighting       | 1 2 3 4 |  4.3
Armour         | 1 2 3 4 |  4.3
Dodging        | 3 4 6 7 |  7.0
Spellcasting   | 5 7 9 10 | 10.5
Conjurations   | 2 3 5 |  5.9
Fire Magic     | 4 5 6 |  6.9
Stealth        | |  2.4

Action                   |  1- 3 |  4- 6 || total
-------------------------+-------+-------++-------
 Cast: Flame Tongue      |    18 |    10 ||    28
       Sticky Flame      |       |     3 ||     3
  Use: Potion            |     1 |       ||     1
Dodge: Dodged            |    12 |     6 ||    18

Table legend:
 A = Spawn XP
 B = Non-spawn XP
 C = Spawn XP percentage of total XP
 D = Spawn monster count
 E = Non-spawn monster count
 F = Spawn count percentage of total count
 G = Total turns spent on level
                    A         B        C        D         E        F      G
               +---------+---------+-------+---------+---------+-------+---------
         Total |       0 |     633 |   0.0 |       0 |       5 |   0.0 |   585
               +---------+---------+-------+---------+---------+-------+---------
             D |       0 |     633 |   0.0 |       0 |       5 |   0.0 |   585
               +---------+---------+-------+---------+---------+-------+---------
